ITL
HAVANA ROLLERS @ TUSCALOOSA TROUT SLAYERS
08/08/2025
 
TOP OF THE 1ST
Havana Rollers batting - Pitching for Tuscaloosa Trout Slayers : RHP Fernando Rodríguez
Pitching: RHP Fernando Rodríguez
Batting: LHB José Torres 0-0: Ball
1-0: SINGLE (Flyball, 8RS)
Batting: RHB José Hernández 0-0: Ball
1-0: Called Strike
1-1: Ball
2-1: Foul Ball, location: 2F
2-2: SINGLE (Flyball, 9S)
José Torres to second
Runner from 2nd tries for 3rd, SAFE, throw made to third
Batting: LHB Doug Thompson 0-0: Ball
1-0: Ball
2-0: Fly out, F8 (Flyball, 8RD)
Runner from 3rd tags up, SCORES, no throw
Batting: LHB Wilson Allen 0-0: Called Strike
0-1: Called Strike
José Hernández steals 2nd base
0-2: Ball
1-2: 2-RUN HOME RUN (Flyball, 9LD), Distance : 434 ft
Batting: LHB Enrique Cortéz 0-0: Foul Ball, location: 2F
0-1: Foul Ball, location: 2F
0-2: Ball
1-2: Strikes out looking
Batting: LHB Felipe Cruz 0-0: Foul Ball, location: 2F
0-1: Foul Ball, location: 2F
0-2: Strikes out swinging
Top of the 1st over - 3 run(s), 3 hit(s), 0 error(s), 0 left on base; Havana 3 - Tuscaloosa 0
BOTTOM OF THE 1ST
Tuscaloosa Trout Slayers batting - Pitching for Havana Rollers : LHP Esteban Baca
Pitching: LHP Esteban Baca
Batting: LHB Ricardo Berroa 0-0: Ball
1-0: Ball
2-0: Called Strike
2-1: Called Strike
2-2: Strikes out swinging
Batting: RHB Pat Fullerton 0-0: Called Strike
0-1: Called Strike
0-2: Ball
1-2: SINGLE (Groundball, 56D)
Batting: RHB Owen Carter 0-0: Called Strike
0-1: Swinging Strike
0-2: Ball
1-2: Hit by Pitch
Pat Fullerton to second
Batting: RHB Pedro Rodríguez 0-0: Called Strike
0-1: Ball
1-1: Ball
2-1: Ball
3-1: 3-RUN HOME RUN (Line Drive, 8LXD), Distance : 436 ft
Batting: RHB Lawrence Yates 0-0: Foul Ball, location: 2F
0-1: Ball
1-1: Ball
2-1: Foul Ball, location: 2F
2-2: Fly out, F8 (Flyball, 8LXD)
Batting: SHB Tucker Thomas 0-0: Ball
1-0: Swinging Strike
1-1: Ball
2-1: Ball
3-1: Base on Balls
Batting: RHB Shigemasa Ishida 0-0: Ball
1-0: Ball
2-0: Ball
3-0: Called Strike
3-1: Foul Ball, location: 2F
3-2: 2-RUN HOME RUN (Flyball, 7D), Distance : 352 ft
Batting: RHB Jason Saunders 0-0: Called Strike
0-1: Ball
1-1: Foul Ball, location: 2F
1-2: Ground out 3-1 (Groundball, 34)
Bottom of the 1st over - 5 run(s), 3 hit(s), 0 error(s), 0 left on base; Havana 3 - Tuscaloosa 5
TOP OF THE 2ND
Havana Rollers batting - Pitching for Tuscaloosa Trout Slayers : RHP Fernando Rodríguez
Batting: RHB Frédéric Poitras 0-0: SINGLE (Line Drive, 56)
Batting: RHB Carlos MacKinney 0-0: Called Strike
0-1: Ball
1-1: Foul Ball, location: 2F
1-2: Foul Ball, location: 2F
1-2: Strikes out swinging
Batting: RHB Chad Case 0-0: Ball
1-0: Grounds into double play, 6-4-3 (Groundball, 6)
Top of the 2nd over - 0 run(s), 1 hit(s), 0 error(s), 0 left on base; Havana 3 - Tuscaloosa 5
BOTTOM OF THE 2ND
Tuscaloosa Trout Slayers batting - Pitching for Havana Rollers : LHP Esteban Baca
Batting: LHB Miguel Rosa 0-0: Foul Ball, location: 2F
0-1: Foul Ball, location: 2F
0-2: Fly out, F8 (Flyball, 8RM)
Batting: LHB Ricardo Berroa 0-0: Ball
1-0: Ball
2-0: Ball
3-0: Called Strike
3-1: Called Strike
3-2: SOLO HOME RUN (Flyball, 9D), Distance : 389 ft
Batting: RHB Pat Fullerton 0-0: Foul Ball, location: 2F
0-1: Ground out 6-3 (Groundball, 6M)
Batting: RHB Owen Carter 0-0: Ball
1-0: Ball
2-0: Called Strike
2-1: Ball
3-1: Swinging Strike
3-2: Strikes out swinging
Bottom of the 2nd over - 1 run(s), 1 hit(s), 0 error(s), 0 left on base; Havana 3 - Tuscaloosa 6
TOP OF THE 3RD
Havana Rollers batting - Pitching for Tuscaloosa Trout Slayers : RHP Fernando Rodríguez
Batting: LHB José Torres 0-0: Called Strike
0-1: Ball
1-1: Foul Ball, location: 2F
1-2: Strikes out swinging
Batting: RHB José Hernández 0-0: Fly out, F8 (Flyball, 8LXD)
Batting: LHB Doug Thompson 0-0: Called Strike
0-1: Ball
1-1: Foul Ball, location: 2F
1-2: Foul Ball, location: 2F
1-2: Strikes out looking
Top of the 3rd over - 0 run(s), 0 hit(s), 0 error(s), 0 left on base; Havana 3 - Tuscaloosa 6
BOTTOM OF THE 3RD
Tuscaloosa Trout Slayers batting - Pitching for Havana Rollers : LHP Esteban Baca
Batting: RHB Pedro Rodríguez 0-0: Ball
1-0: Foul Ball, location: 2F
1-1: Fly out, F4 (Popup, 34)
Batting: RHB Lawrence Yates 0-0: Called Strike
0-1: SOLO HOME RUN (Flyball, 7LD), Distance : 331 ft
Batting: SHB Tucker Thomas 0-0: SINGLE (Groundball, 34)
Batting: RHB Shigemasa Ishida 0-0: Ball
1-0: Called Strike
1-1: Ball
2-1: Ball
3-1: Swinging Strike
3-2: Base on Balls
Tucker Thomas to second
Batting: RHB Jason Saunders 0-0: Ball
1-0: Called Strike
1-1: Ball
2-1: Swinging Strike
2-2: Foul Ball, location: 2F
2-2: Foul Ball, location: 2F
2-2: Ball
3-2: Grounds into double play, 5-4-3 (Groundball, 56)
Bottom of the 3rd over - 1 run(s), 2 hit(s), 0 error(s), 1 left on base; Havana 3 - Tuscaloosa 7
TOP OF THE 4TH
Havana Rollers batting - Pitching for Tuscaloosa Trout Slayers : RHP Fernando Rodríguez
Batting: LHB Wilson Allen 0-0: Fly out, F4 (Line Drive, 4)
Batting: LHB Enrique Cortéz 0-0: Called Strike
0-1: Swinging Strike
0-2: Ball
1-2: Ball
2-2: Foul Ball, location: 2F
2-2: Ball
3-2: SOLO HOME RUN (Flyball, 9LD), Distance : 371 ft
Batting: LHB Felipe Cruz 0-0: Called Strike
0-1: Swinging Strike
0-2: Ball
1-2: Ball
2-2: SINGLE (Groundball, 3D)
Batting: RHB Frédéric Poitras 0-0: SINGLE (Line Drive, 7LS)
Felipe Cruz to second
Batting: RHB Carlos MacKinney 0-0: Called Strike
0-1: Foul Ball, location: 2F
0-2: Grounds into double play, 6-4-3 (Groundball, 6)
Top of the 4th over - 1 run(s), 3 hit(s), 0 error(s), 1 left on base; Havana 4 - Tuscaloosa 7
BOTTOM OF THE 4TH
Tuscaloosa Trout Slayers batting - Pitching for Havana Rollers : LHP Esteban Baca
Pitching: LHP Jorge Gómez
Batting: LHB Miguel Rosa 0-0: Swinging Strike
0-1: Ball
1-1: Ball
2-1: DOUBLE (Popup, 5D)
Batting: LHB Ricardo Berroa 0-0: Called Strike
0-1: Called Strike
0-2: Strikes out swinging
Batting: RHB Pat Fullerton 0-0: Called Strike
0-1: Ball
1-1: Swinging Strike
1-2: Foul Ball, location: 2F
1-2: Ball
2-2: Strikes out looking
Batting: RHB Owen Carter 0-0: Ball
1-0: Called Strike
1-1: Ball
2-1: Ball
3-1: Foul Ball, location: 2F
3-2: Base on Balls
Batting: RHB Pedro Rodríguez 0-0: Ball
1-0: Ball
2-0: Ball
3-0: Base on Balls
Miguel Rosa to third
Owen Carter to second
Batting: RHB Lawrence Yates 0-0: Ball
1-0: Ball
2-0: Foul Ball, location: 2F
2-1: Ball
3-1: Foul Ball, location: 2F
3-2: Strikes out looking
Bottom of the 4th over - 0 run(s), 1 hit(s), 0 error(s), 3 left on base; Havana 4 - Tuscaloosa 7
TOP OF THE 5TH
Havana Rollers batting - Pitching for Tuscaloosa Trout Slayers : RHP Fernando Rodríguez
Batting: RHB Chad Case 0-0: Called Strike
0-1: Ball
1-1: Ball
2-1: Ball
3-1: Foul Ball, location: 2F
3-2: Foul Ball, location: 2F
3-2: Foul Ball, location: 2F
3-2: Foul Ball, location: 2F
3-2: Foul Ball, location: 2F
3-2: Foul Ball, location: 2F
3-2: SINGLE (Line Drive, 78M)
Batting: LHB José Torres 0-0: Ball
1-0: Ball
2-0: Ball
3-0: Base on Balls
Chad Case to second
Batting: RHB José Hernández 0-0: Ball
1-0: Ball
2-0: Ball
3-0: Called Strike
3-1: Called Strike
3-2: Base on Balls
Chad Case to third
José Torres to second
Batting: LHB Doug Thompson 0-0: Called Strike
0-1: Ball
Passed Ball!
Chad Case scores
José Torres to third
José Hernández to second
1-1: Called Strike
1-2: Ball
2-2: Ball
3-2: Foul Ball, location: 2F
3-2: Fly out, F2 (Popup, 2LF)
Batting: LHB Wilson Allen 0-0: Called Strike
0-1: Ball
1-1: Foul Ball, location: 2F
1-2: SINGLE (Groundball, 3D)
José Torres scores
José Hernández to third
Runner from 3rd tries for Home, SAFE, throw made home
Wilson Allen to second
Pitching: RHP Alfonso Martínez
Batting: LHB Enrique Cortéz 0-0: Ball
1-0: Swinging Strike
1-1: Swinging Strike
1-2: Ground out U3 (Groundball, 3S)
Wilson Allen to third
Batting: LHB Felipe Cruz 0-0: Ball
1-0: Ball
2-0: Ball
3-0: Called Strike
3-1: Base on Balls
Batting: RHB Frédéric Poitras 0-0: Ball
1-0: Ground out 2-3 (Groundball, 23)
Top of the 5th over - 3 run(s), 2 hit(s), 0 error(s), 2 left on base; Havana 7 - Tuscaloosa 7
BOTTOM OF THE 5TH
Tuscaloosa Trout Slayers batting - Pitching for Havana Rollers : LHP Jorge Gómez
Batting: SHB Tucker Thomas 0-0: Called Strike
0-1: Foul Ball, location: 2F
0-2: Ball
1-2: Strikes out looking
Batting: RHB Shigemasa Ishida 0-0: Called Strike
0-1: Fly out, F7 (Flyball, 78D)
Batting: RHB Jason Saunders 0-0: Swinging Strike
0-1: Swinging Strike
0-2: Foul Ball, location: 2F
0-2: Ball
1-2: SOLO HOME RUN (Flyball, 7LD), Distance : 332 ft
Batting: LHB Miguel Rosa 0-0: Ball
1-0: Called Strike
1-1: Ball
2-1: Foul Ball, location: 2F
2-2: Foul Ball, location: 2F
2-2: Ball
3-2: Ground out 4-3 (Groundball, 4)
Bottom of the 5th over - 1 run(s), 1 hit(s), 0 error(s), 0 left on base; Havana 7 - Tuscaloosa 8
TOP OF THE 6TH
Havana Rollers batting - Pitching for Tuscaloosa Trout Slayers : RHP Alfonso Martínez
Batting: RHB Carlos MacKinney 0-0: Ball
1-0: Called Strike
1-1: Swinging Strike
1-2: Strikes out looking
Batting: RHB Chad Case 0-0: Ball
1-0: Ball
2-0: Ground out 6-3 (Groundball, 6)
Batting: LHB José Torres 0-0: Called Strike
0-1: Called Strike
0-2: DOUBLE (Line Drive, 7LS)
Batting: RHB José Hernández 0-0: Called Strike
0-1: Foul Ball, location: 2F
0-2: Ball
1-2: Ball
2-2: Fly out, F8 (Flyball, 8RD)
Top of the 6th over - 0 run(s), 1 hit(s), 0 error(s), 1 left on base; Havana 7 - Tuscaloosa 8
BOTTOM OF THE 6TH
Tuscaloosa Trout Slayers batting - Pitching for Havana Rollers : LHP Jorge Gómez
Batting: LHB Ricardo Berroa 0-0: Ball
1-0: Foul Ball, location: 2F
1-1: Fly out, F5 (Popup, 56S)
Pitching: RHP Charlie Alexander
Batting: RHB Pat Fullerton 0-0: SINGLE (Line Drive, 8LS)
Batting: RHB Owen Carter 0-0: Ball
Pat Fullerton is caught stealing 2nd base
1-0: Ball
2-0: Called Strike
2-1: SOLO HOME RUN (Flyball, 9D), Distance : 391 ft
Batting: RHB Pedro Rodríguez 0-0: Ball
1-0: Ball
2-0: Ball
3-0: Base on Balls
Batting: RHB Lawrence Yates 0-0: Called Strike
0-1: Called Strike
0-2: Foul Ball, location: 2F
0-2: Ball
1-2: Ball
2-2: Ball
3-2: Foul Ball, location: 2F
3-2: Base on Balls
Pedro Rodríguez to second
Batting: SHB Tucker Thomas 0-0: Swinging Strike
0-1: Swinging Strike
0-2: Strikes out swinging
Bottom of the 6th over - 1 run(s), 2 hit(s), 0 error(s), 2 left on base; Havana 7 - Tuscaloosa 9
TOP OF THE 7TH
Havana Rollers batting - Pitching for Tuscaloosa Trout Slayers : RHP Alfonso Martínez
Batting: LHB Doug Thompson 0-0: Foul Ball, location: 2F
0-1: Ground out 6-3 (Groundball, 6)
Pitching: LHP Luis López
Batting: LHB Wilson Allen 0-0: Ball
1-0: SINGLE (Groundball, 3L)
Batting: LHB Enrique Cortéz 0-0: SINGLE (Groundball, 34D)
Wilson Allen to second
Runner from 2nd tries for 3rd, SAFE, throw made to third
Pinch Hitting: RHB Paul Bailey 0-0: Ball
Enrique Cortéz steals 2nd base
1-0: Ball
2-0: Foul Ball, location: 2F
2-1: Ball
3-1: Fly out, F6 (Popup, 6)
Batting: RHB Frédéric Poitras 0-0: Foul Ball, location: 2F
0-1: Called Strike
0-2: Strikes out swinging
Top of the 7th over - 0 run(s), 2 hit(s), 0 error(s), 2 left on base; Havana 7 - Tuscaloosa 9
BOTTOM OF THE 7TH
Tuscaloosa Trout Slayers batting - Pitching for Havana Rollers : RHP Charlie Alexander
Now at 3B: Geoffrey Joyner
Batting: RHB Shigemasa Ishida 0-0: Called Strike
0-1: Foul Ball, location: 2F
0-2: Ball
1-2: Ball
2-2: Strikes out swinging
Batting: RHB Jason Saunders 0-0: Ball
1-0: Ball
2-0: Foul Ball, location: 2F
2-1: Foul Ball, location: 2F
2-2: Ground out 4-3 (Groundball, 4M)
Batting: LHB Miguel Rosa 0-0: Ball
1-0: Ground out 4-3 (Groundball, 34)
Bottom of the 7th over - 0 run(s), 0 hit(s), 0 error(s), 0 left on base; Havana 7 - Tuscaloosa 9
TOP OF THE 8TH
Havana Rollers batting - Pitching for Tuscaloosa Trout Slayers : LHP Luis López
Batting: RHB Carlos MacKinney 0-0: SOLO HOME RUN (Flyball, 78XD), Distance : 365 ft
Pitching: RHP Jesús Ramos
Batting: RHB Chad Case 0-0: Swinging Strike
0-1: Swinging Strike
0-2: Ball
1-2: Ball
2-2: Strikes out swinging
Batting: LHB José Torres 0-0: Ball
1-0: Fly out, F6 (Popup, 56D)
Batting: RHB José Hernández 0-0: DOUBLE (Line Drive, 56D)
Batting: LHB Doug Thompson 0-0: Ball
1-0: Called Strike
1-1: Foul Ball, location: 2F
1-2: Ball
2-2: Strikes out looking
Top of the 8th over - 1 run(s), 2 hit(s), 0 error(s), 1 left on base; Havana 8 - Tuscaloosa 9
BOTTOM OF THE 8TH
Tuscaloosa Trout Slayers batting - Pitching for Havana Rollers : RHP Charlie Alexander
Batting: LHB Ricardo Berroa 0-0: Foul Ball, location: 2F
0-1: Called Strike
0-2: Foul Ball, location: 2F
0-2: SINGLE (Groundball, 5D)
Batting: RHB Pat Fullerton 0-0: Bunted foul
0-1: Ball
1-1: Ball
2-1: Bunted foul
2-2: Ball
3-2: Ground out 5-3 (Groundball, 5S)
Ricardo Berroa to second
Pitching: RHP Kei Hashimoto
Batting: RHB Owen Carter 0-0: Ball
1-0: Called Strike
1-1: 2-RUN HOME RUN (Flyball, 9D), Distance : 390 ft
Batting: RHB Pedro Rodríguez 0-0: Ball
1-0: Ball
2-0: Called Strike
2-1: Ball
3-1: Base on Balls
Batting: RHB Lawrence Yates 0-0: Ball
1-0: Ball
2-0: Called Strike
2-1: Called Strike
2-2: Foul Ball, location: 2F
2-2: Strikes out swinging
Batting: SHB Tucker Thomas 0-0: Called Strike
0-1: Fly out, F6 (Popup, 6M)
Bottom of the 8th over - 2 run(s), 2 hit(s), 0 error(s), 1 left on base; Havana 8 - Tuscaloosa 11
TOP OF THE 9TH
Havana Rollers batting - Pitching for Tuscaloosa Trout Slayers : RHP Jesús Ramos
Pitching: RHP John Charles
Now at 1B: Alberto Pérez
Batting: LHB Wilson Allen 0-0: Ball
1-0: Called Strike
1-1: Called Strike
1-2: Strikes out swinging
Batting: LHB Enrique Cortéz 0-0: Called Strike
0-1: Ball
1-1: Ball
2-1: DOUBLE (Line Drive, 78XD)
Batting: RHB Geoffrey Joyner 0-0: Swinging Strike
0-1: Ball
1-1: Ball
2-1: Ground out 6-3 (Groundball, 6M)
Enrique Cortéz to third
Batting: RHB Frédéric Poitras 0-0: Ball
1-0: SINGLE (Groundball, 56)
Enrique Cortéz scores
Batting: RHB Carlos MacKinney 0-0: Ball
1-0: Swinging Strike
1-1: Ball
2-1: Ball
3-1: Called Strike
3-2: Strikes out looking
Top of the 9th over - 1 run(s), 2 hit(s), 0 error(s), 1 left on base; Havana 9 - Tuscaloosa 11
This league is powered by Out of the Park Baseball, the baseball management simulation game for PC, Mac and Linux
Tuesday, August 2nd, 2016 - OOTP Baseball 16.8 Build 38